 Dungeon Crawl Stone Soup version 0.27-a0-931-g5a74e75d8f (webtiles) character file.

Game seed: 9333924134461629727

603 leviel the Shield-Bearer (level 7, 0/54 HPs)
             Began as a Gnoll Fighter on Apr 10, 2021.
             Slain by a scorpion (4 damage)
             ... on level 5 of the Dungeon.
             The game lasted 00:04:48 (4076 turns).

leviel the Shield-Bearer (Gnoll Fighter)            Turns: 4076, Time: 00:04:48

Health: 0/54       AC:  9    Str: 16    XL:     7   Next: 42%
Magic:  10/10      EV:  8    Int:  9    God:
Gold:   134        SH: 10    Dex: 11    Spells: 11/11 levels left

rFire    . . .     SeeInvis .   n - +0 morningstar
rCold    . . .     Faith    .   c - +0 kite shield
rNeg     . . .     Spirit   .   b - +0 scale mail
rPois    .         Reflect  .   (no helmet)
rElec    .         Harm     .   (no cloak)
rCorr    .         Rampage  .   p - +0 pair of gloves
Will     .....     Clarity  +   (no boots)
Stlth    +.........             (no amulet)
HPRegen  0.18/turn              h - ring of flight
MPRegen  0.12/turn              (no ring)

@: lethally poisoned (0 -> -2), flying
A: fangs 1, strong nose, distributed training, clarity, frail 1, mutation
resistance 1
a: no special abilities


You were on level 5 of the Dungeon.
You visited 1 branch of the dungeon, and saw 5 of its levels.

You collected 134 gold pieces.

Inventory:

Hand Weapons
 a - a +0 flail
 n - a +0 morningstar (weapon)
Missiles
 i - 5 atropa-tipped darts (quivered)
 q - 4 silver javelins
Armour
 b - a +0 scale mail (worn)
 c - a +0 kite shield (worn)
 p - a +0 pair of gloves (worn)
Jewellery
 h - a ring of flight (left hand)
Wands
 o - a wand of flame (24)
Scrolls
 d - a scroll of noise {unknown}
 e - 4 scrolls of teleportation {unknown}
 f - a scroll of enchant weapon {unknown}
 g - a scroll of fear {unknown}
 j - a scroll of vulnerability {unknown}
 l - 2 scrolls of identify {unknown}
 m - a scroll of amnesia {unknown}


   Skills:
 + Level 7.0 Fighting
 + Level 2.5 Short Blades
 + Level 2.5 Long Blades
 + Level 2.5 Axes
 + Level 5.2 Maces & Flails
 + Level 2.5 Polearms
 + Level 2.5 Staves
 + Level 2.5 Slings
 + Level 2.5 Bows
 + Level 2.5 Crossbows
 + Level 2.5 Throwing
 + Level 7.0 Armour
 + Level 2.5 Dodging
 + Level 2.5 Stealth
 + Level 7.0 Shields
 + Level 2.5 Unarmed Combat
 + Level 2.5 Spellcasting
 + Level 2.0 Conjurations
 + Level 2.0 Hexes
 + Level 2.0 Summonings
 + Level 2.0 Necromancy
 + Level 2.0 Translocations
 + Level 2.0 Transmutations
 + Level 2.0 Fire Magic
 + Level 2.0 Ice Magic
 + Level 2.0 Air Magic
 + Level 2.0 Earth Magic
 + Level 2.0 Poison Magic
 + Level 2.7 Invocations
 + Level 2.5 Evocations


You had 11 spell levels left.
You didn't know any spells.
Your spell library was empty.

Dungeon Overview and Level Annotations

Branches:
Dungeon (5/15)
 Temple: D:4-7

Altars:
Cheibriados
Fedhas

Shops:
D:5 (

Annotations:
D:4 1 runed translucent door, fairyof's ghost, novice GrFi


Innate Abilities, Weirdness & Mutations

You have very sharp teeth.
Your uncanny sense of smell can sniff out nearby items.
Your experience applies equally to all skills.
You possess an exceptional clarity of mind.
You are frail. (-10% HP)
You are somewhat resistant to further mutation.


Message History

Your Conjurations skill increases to level 2!
Your Hexes skill increases to level 2!
Your Summonings skill increases to level 2!
Your Necromancy skill increases to level 2!
Your Translocations skill increases to level 2!
Your Transmutations skill increases to level 2!
Your Fire Magic skill increases to level 2!
Your Ice Magic skill increases to level 2!
Your Air Magic skill increases to level 2!
Your Earth Magic skill increases to level 2!
Your Poison Magic skill increases to level 2!
Unknown command.
You barely miss the scorpion. The scorpion stings you. x2
You barely miss the scorpion. The scorpion stings you.
* * * LOW HITPOINT WARNING * * *
You are poisoned.
The scorpion poisons you! The scorpion barely misses you.
You barely miss the scorpion.
* * * LOW HITPOINT WARNING * * *
You feel very sick.
The scorpion stings you but does no damage.
You barely miss the scorpion. Your bite misses the scorpion.
* * * LOW HITPOINT WARNING * * *
You feel very sick.
The scorpion stings you but does no damage.
You block the scorpion's attack.
You closely miss the scorpion.
* * * LOW HITPOINT WARNING * * *
You feel sick. You block the scorpion's attack.
The scorpion stings you but does no damage.
You aren't carrying any potions.
You hit the scorpion.
The scorpion is lightly wounded.
You feel sick. You block the scorpion's attack.
The scorpion stings you but does no damage.
You barely miss the scorpion.
The scorpion is lightly wounded.
* * * LOW HITPOINT WARNING * * *
You feel sick. The scorpion stings you.
You die...

#......#...#........#
#......#...######.###
#......'...# #.####
#......#...# #....#
#......#'#### ##.##.#
#...........####...#.## ###
#######.........._.....
......#....#..[..##.#...####
.......#...s@†....##.##.## #
#........+....#.....## ...# #
#........######....)# ###.# #
#...................#####.#####
#............................#.
#............................#.
#............................#.
#..........................>.#.
#........#####################.


You could see a scorpion.

Vanquished Creatures
  Sigmund (D:4)
  4 scorpions
  A jelly (D:5)
  An orc priest (D:4)
  4 adders
  4 gnolls (D:2)
  An adder skeleton (D:4)
  A worm (D:2)
  2 dart slugs
  8 orcs
  8 bats
  3 endoplasms
  2 giant cockroaches
  5 goblins
  7 hobgoblins
  10 jackals
  2 quokkas
  3 ball pythons
  2 frilled lizards (D:1)
  4 kobolds
  3 rats
76 creatures vanquished.

Notes
Turn   | Place    | Note
-------+----------+-------------------------------------------
     0 | D:1      | leviel the Gnoll Fighter began the quest for the Orb.
     0 | D:1      | Reached XP level 1. HP: 23/23 MP: 1/1
   104 | D:1      | Found a faded altar of an unknown god.
   183 | D:1      | Reached XP level 2. HP: 29/29 MP: 2/2
   838 | D:2      | Reached XP level 3. HP: 34/35 MP: 3/3
  1198 | D:2      | Reached skill level 1 in Invocations
  1346 | D:2      | Reached skill level 1 in Short Blades
  1346 | D:2      | Reached skill level 1 in Long Blades
  1346 | D:2      | Reached skill level 1 in Axes
  1346 | D:2      | Reached skill level 1 in Polearms
  1346 | D:2      | Reached skill level 1 in Staves
  1346 | D:2      | Reached skill level 1 in Slings
  1346 | D:2      | Reached skill level 1 in Bows
  1346 | D:2      | Reached skill level 1 in Crossbows
  1346 | D:2      | Reached skill level 1 in Throwing
  1346 | D:2      | Reached skill level 1 in Dodging
  1346 | D:2      | Reached skill level 1 in Stealth
  1346 | D:2      | Reached skill level 1 in Unarmed Combat
  1346 | D:2      | Reached skill level 1 in Spellcasting
  1346 | D:2      | Reached skill level 1 in Evocations
  1361 | D:2      | Reached XP level 4. HP: 12/41 MP: 5/5
  1655 | D:3      | Reached skill level 1 in Conjurations
  1655 | D:3      | Reached skill level 1 in Hexes
  1655 | D:3      | Reached skill level 1 in Summonings
  1655 | D:3      | Reached skill level 1 in Necromancy
  1655 | D:3      | Reached skill level 1 in Translocations
  1655 | D:3      | Reached skill level 1 in Transmutations
  1655 | D:3      | Reached skill level 1 in Fire Magic
  1655 | D:3      | Reached skill level 1 in Ice Magic
  1655 | D:3      | Reached skill level 1 in Air Magic
  1655 | D:3      | Reached skill level 1 in Earth Magic
  1655 | D:3      | Reached skill level 1 in Poison Magic
  2413 | D:3      | Reached XP level 5. HP: 44/47 MP: 6/6
  2658 | D:4      | Reached XP level 6. HP: 41/53 MP: 8/8
  3166 | D:4      | Found a runed translucent door.
  3170 | D:4      | Noticed fairyof's ghost (novice GrFi)
  3339 | D:4      | Reached skill level 5 in Maces & Flails
  3366 | D:4      | Noticed Sigmund
  3395 | D:4      | Gained mutation: You tend to lose your temper in combat.
                  | [potion of mutation]
  3395 | D:4      | Lost mutation: You tend to lose your temper in combat.
                  | [potion of mutation]
  3395 | D:4      | Gained mutation: Your spells are a little easier to cast,
                  | but a little less powerful. [potion of mutation]
  3395 | D:4      | Gained mutation: You have large cloven feet. [potion of
                  | mutation]
  3405 | D:4      | Killed Sigmund
  3406 | D:4      | Reached XP level 7. HP: 43/59 MP: 8/10
  3614 | D:4      | Lost mutation: You have large cloven feet. [potion of
                  | mutation]
  3614 | D:4      | Lost mutation: Your spells are a little easier to cast, but
                  | a little less powerful. [potion of mutation]
  3614 | D:4      | Gained mutation: You possess an exceptional clarity of
                  | mind. [potion of mutation]
  3614 | D:4      | Gained mutation: You are frail. (-10% HP) [potion of
                  | mutation]
  3614 | D:4      | Gained mutation: You are somewhat resistant to further
                  | mutation. [potion of mutation]
  3667 | D:5      | Entered Level 5 of the Dungeon
  3707 | D:5      | Found a snail-covered altar of Cheibriados.
  3913 | D:5      | Found a blossoming altar of Fedhas.
  3932 | D:5      | Found Usiujuin's Weapon Emporium.
  4076 | D:5      | Slain by a scorpion

Illustrated notes

Levels and vault maps discovered:
D:1:      heliophobic_arrival_dark_side_of_the_moon, layout_loops_ring,
          shapermc_ecumenical_altar_mp_ritualfount, st_stairs_1,
          serial_bayou_pond_d
D:2:      layout_loops_ring, minmay_misc_feat_x
D:3:      layout_basic
D:4:      layout_basic, gammafunk_ghost_grave, uniq_sigmund
D:5:      layout_gridville, nicolae_overflow_crystal_walls,
          cheibrodos_worm_habitat, serial_shops, shop

Skill      XL: |  1  2  3  4  5  6  7 |
---------------+----------------------+-----
Invocations    | 1 2 |  2.7
Short Blades   | 1 2 |  2.5
Long Blades    | 1 2 |  2.5
Axes           | 1 2 |  2.5
Polearms       | 1 2 |  2.5
Staves         | 1 2 |  2.5
Slings         | 1 2 |  2.5
Bows           | 1 2 |  2.5
Crossbows      | 1 2 |  2.5
Throwing       | 1 2 |  2.5
Dodging        | 1 2 |  2.5
Stealth        | 1 2 |  2.5
Unarmed Combat | 1 2 |  2.5
Spellcasting   | 1 2 |  2.5
Evocations     | 1 2 |  2.5
Conjurations   | 1 2 |  2.0
Hexes          | 1 2 |  2.0
Summonings     | 1 2 |  2.0
Necromancy     | 1 2 |  2.0
Translocations | 1 2 |  2.0
Transmutations | 1 2 |  2.0
Fire Magic     | 1 2 |  2.0
Ice Magic      | 1 2 |  2.0
Air Magic      | 1 2 |  2.0
Earth Magic    | 1 2 |  2.0
Poison Magic   | 1 2 |  2.0
Maces & Flails | 5 |  5.2
Fighting       | 7 |  7.0
Armour         | 7 |  7.0
Shields        | 7 |  7.0

Action                   |  1- 3 |  4- 6 |  7- 9 || total
-------------------------+-------+-------+-------++-------
Melee: Flail             |   100 |    47 |       ||   147
       Bite              |     3 |     8 |     2 ||    13
       Morningstar       |       |    52 |    28 ||    80
       Kick              |       |     1 |       ||     1
Throw: Dart              |       |     3 |     1 ||     4
  Use: Potion            |     1 |     1 |     4 ||     6
Armor: Scale mail        |    52 |    35 |    20 ||   107
Dodge: Dodged            |    25 |    31 |    18 ||    74
Block: Kite shield       |    58 |    57 |    22 ||   137

Table legend: (Time is in decaauts)
 A = Elapsed time spent in this place.
 B = Non-inter-level travel time spent in this place.
 C = Inter-level travel time spent in this place.
 D = Time resting spent in this place.
 E = Time spent auto-exploring this place.
 F = Levels seen in this place.
 G = Mean time per level.
                   A        B        C        D        E       F      G
               +--------+--------+--------+--------+--------+-----+--------+
         Total |   4158 |   4109 |     49 |    660 |   2823 |   5 |  831.6 |
       Dungeon |   4158 |   4109 |     49 |    660 |   2823 |   5 |  831.6 |
               +--------+--------+--------+--------+--------+-----+--------+

Top non-repeatable levels by time:
     D:4: 1228 daAuts
     D:2: 965 daAuts
     D:3: 824 daAuts
     D:1: 719 daAuts
     D:5: 420 daAuts
